Map: Acropolis LE

Players

Lionfish - Winner!

  • Race: Terran Terran
  • League: Platinum
  • Spawn Location: 11:00

pHARM

  • Race: Terran Terran
  • League: Platinum
  • Spawn Location: 5:00

VOD

Have the link to the VOD?

Description

Time

  • Played on: Aug. 29, 2019, 7:19 p.m.
  • Length: 13:52
Show
View Real Time Build Order
Export as new Build Order

Lionfish Terran - Winner!

Build Orders: Gas First Reaper Expand 

Get SALT Encoding   

  12  0:00  SCV  
  13  0:13  SCV  
  14  0:17  Supply Depot  
  14  0:25  SCV  
  14  0:28  Refinery  
  15  0:38  SCV  
  16  0:45  Barracks  
  16  0:51  SCV  
  17  1:03  SCV  
  18  1:15  SCV  
  19  1:31  Orbital Command  
  19  1:32  Reaper  
  20  1:44  Command Center  
  20  1:54  Supply Depot  
  20  1:57  SCV  
  21  2:08  Factory  
  21  2:09  SCV  
  21  2:11  Barracks Reactor  
  22  2:18  Refinery  
  22  2:21  SCV  
  23  2:33  SCV  
  24  2:45  SCV  
  24  2:47  Marine  
  24  2:48  Marine  
  27  2:54  Starport  
  27  2:56  Widow Mine  
  27  2:57  SCV  
  30  2:59  Orbital Command  
  30  3:07  Marine x2  
  30  3:10  SCV  
  33  3:17  Widow Mine  
  35  3:22  SCV  
  35  3:24  Marine  
  35  3:25  Marine  
  38  3:28  Supply Depot  
  38  3:30  SCV  
  38  3:33  Medivac  
  38  3:34  SCV  
  42  3:41  Supply Depot  
  42  3:42  SCV  
  42  3:43  Factory Tech Lab  
  42  3:44  Marine x2  
  45  3:51  SCV  
  45  3:54  SCV  
  47  4:03  SCV, Supply Depot  
  47  4:06  SCV  
  49  4:13  Starport Tech Lab  
  49  4:15  Marine, Siege Tank  
  49  4:16  Marine, SCV  
  55  4:18  SCV  
  56  4:28  SCV  
  56  4:30  SCV  
  56  4:31  Barracks  
  58  4:32  Barracks  
  58  4:33  Raven  
  58  4:35  Marine x2  
  62  4:40  SCV  
  62  4:42  SCV  
  64  4:52  SCV  
  65  4:54  SCV  
  66  5:03  Marine, Siege Tank  
  70  5:08  Supply Depot  
  70  5:10  Supply Depot  
  70  5:11  Supply Depot  
  70  5:19  Command Center  
  70  5:29  Marine  
  70  5:30  SCV x2  
  70  5:31  Starport Reactor  
  70  5:32  Barracks Reactor  
  73  5:37  Barracks  
  73  5:38  Barracks  
  73  5:40  Engineering Bay  
  73  5:41  Engineering Bay  
  73  5:42  SCV x2  
  75  5:43  Refinery  
  75  5:44  Siege Tank, Refinery  
  78  5:54  SCV x2  
  80  5:59  Marine x2  
  82  6:06  SCV x2  
  82  6:10  Supply Depot  
  84  6:12  Marine x2, Supply Depot  
  84  6:13  Marine  
  84  6:14  Supply Depot  
  84  6:15  Stimpack  
  84  6:18  SCV x2  
  89  6:30  SCV x2  
  91  6:34  Barracks Reactor x2  
  91  6:35  Medivac x2  
  95  6:43  Terran Infantry Armor Level 1, Terran Infantry Weapons Level 1  
  95  6:45  SCV x2  
  97  6:50  Marine x4  
  97  6:51  Marine, Refinery  
  102  6:57  SCV x2  
  104  7:08  Armory  
  104  7:09  Marine, SCV  
  104  7:10  Marine x4, SCV  
  111  7:22  Planetary Fortress  
  111  7:24  SCV x2  
  113  7:36  SCV x2  
  115  7:42  Siege Tank, Medivac x2  
  122  7:48  SCV x2  
  124  7:52  Marine x4, Supply Depot  
  124  7:54  Supply Depot  
  124  7:56  Marine  
  124  7:57  Marine x4, Supply Depot  
  133  8:02  Refinery  
  133  8:10  Supply Depot  
  133  8:11  Supply Depot  
  133  8:12  Supply Depot  
  133  8:13  Marine  
  133  8:14  SCV x3  
  133  8:16  Siege Tank  
  133  8:17  Marine, Medivac x2  
  133  8:18  Marine x7  
  152  8:26  SCV x3  
  155  8:31  Marine  
  155  8:33  Command Center  
  156  8:35  Marine  
  156  8:36  Marine x4  
  161  8:44  Terran Infantry Armor Level 2, Terran Infantry Weapons Level 2  
  161  8:46  Terran Vehicle Weapons Level 1  
  161  8:58  Siege Tank, Medivac x2  
  161  8:59  Marine x9  
  177  9:05  Supply Depot  
  177  9:06  Supply Depot  
  177  9:08  Supply Depot  
  177  9:09  Supply Depot  
  177  9:17  Marine  
  178  9:27  Marine x8  
  178  9:29  Medivac x2  
  178  9:30  Siege Tank  
  193  9:34  Marine  
  194  9:45  Marine x6  
  197  9:47  Factory  
  197  9:48  Factory  
  155  10:46  Factory Tech Lab x2  
  141  10:51  Marine x5  
  141  10:52  Marine x3  
  139  11:05  Marine  
  139  11:06  Siege Tank x3  
  139  11:09  Marine x2  
  149  11:20  Terran Vehicle Weapons Level 2  
  149  11:26  Missile Turret  
  149  11:28  Missile Turret  
  149  11:47  Marine  
  149  11:48  Marine x4  
  154  12:01  Marine x4  
  151  12:05  Marine x5  
  142  12:14  Siege Tank  
  142  12:15  Siege Tank x2  
  144  12:18  Marine  
  144  12:19  Marine x3  
  148  12:22  Barracks  
  148  12:23  Marine x5, Barracks  
  148  12:25  Barracks  
  148  12:29  Barracks  
  153  12:36  Marine  
  153  12:37  Marine x3  
  154  12:41  Marine  
  154  12:42  Planetary Fortress  
  158  12:45  Refinery  
  158  12:46  Refinery, Missile Turret  
  158  12:49  Marine x4, Missile Turret  
  162  12:54  Marine x4  
  166  12:59  Marine  
  167  13:07  Marine x2  
  169  13:13  Command Center  
  169  13:14  Command Center, Refinery  
  169  13:15  Refinery  
  169  13:18  Barracks Reactor x4  
  169  13:19  Marine  
  170  13:20  Marine x6  
  170  13:24  Marine  
  170  13:25  Marine  
  178  13:32  Fusion Core  
  178  13:33  Starport  
  178  13:35  Starport  
Show
View Real Time Build Order
Export as new Build Order

pHARM Terran 

Build Orders: Mech 

Get SALT Encoding   

  12  0:00  SCV  
  13  0:14  SCV  
  14  0:18  Supply Depot  
  14  0:26  SCV  
  15  0:40  Barracks, SCV  
  16  0:52  SCV  
  16  0:55  Refinery  
  17  1:04  SCV  
  18  1:16  SCV  
  19  1:28  Orbital Command  
  19  1:37  Marine  
  20  1:40  Supply Depot  
  20  1:45  Bunker  
  20  1:54  SCV  
  21  1:55  Marine  
  22  2:06  SCV  
  22  2:22  Command Center  
  22  2:25  Marine  
  22  2:27  SCV  
  24  2:38  Supply Depot  
  24  2:39  SCV  
  24  2:43  Marine  
  26  2:51  SCV  
  27  2:59  Refinery  
  27  3:03  SCV  
  27  3:05  Factory  
  28  3:08  Barracks Tech Lab  
  28  3:16  SCV  
  29  3:28  SCV  
  30  3:37  Orbital Command  
  30  3:40  Command Center, SCV  
  31  3:52  SCV  
  32  4:03  Siege Tank  
  32  4:04  SCV  
  36  4:16  SCV  
  37  4:17  Factory  
  37  4:23  Factory  
  37  4:25  SCV  
  37  4:28  SCV  
  39  4:37  SCV  
  40  4:39  Siege Tank, Engineering Bay  
  40  4:40  SCV  
  44  4:49  SCV  
  44  4:52  SCV  
  44  5:06  SCV x3  
  47  5:13  Missile Turret  
  47  5:23  SCV x2  
  49  5:31  Missile Turret  
  49  5:33  Command Center  
  50  5:35  SCV  
  50  5:38  Refinery, Factory Reactor  
  50  5:39  Factory Tech Lab  
  50  5:44  Armory  
  50  5:45  SCV  
  50  5:47  SCV  
  52  5:56  Orbital Command  
  52  5:57  SCV  
  52  5:59  SCV  
  54  6:09  SCV  
  55  6:12  SCV  
  55  6:17  Refinery  
  56  6:27  Hellion x2  
  56  6:31  Thor  
  66  6:38  Thor  
  72  6:41  Supply Depot  
  72  6:49  SCV  
  72  6:53  SCV x2  
  75  7:01  SCV  
  76  7:03  Command Center  
  76  7:05  SCV x2, Hellion x2  
  82  7:10  Supply Depot  
  82  7:12  Hi-Sec Auto Tracking  
  82  7:13  SCV  
  82  7:14  Thor  
  89  7:17  SCV  
  89  7:21  Thor  
  96  7:27  SCV  
  96  7:28  SCV  
  96  7:29  SCV  
  99  7:32  Refinery  
  99  7:34  Hellbat  
  99  7:35  Hellbat, Refinery  
  103  7:40  SCV x2, Planetary Fortress  
  103  7:41  SCV  
  106  7:52  SCV x2  
  108  8:04  Supply Depot, Missile Turret  
  108  8:09  Missile Turret  
  108  8:15  SCV x2, Thor x2  
  108  8:17  SCV  
  108  8:18  SCV, Hellion, Hellbat  
  128  8:27  SCV  
  128  8:33  SCV x3  
  132  8:39  SCV  
  133  8:45  SCV x3  
  136  8:51  SCV  
  137  8:58  Factory  
  137  9:07  Factory, Thor  
  137  9:08  Thor  
  149  9:10  Factory  
  149  9:14  Supply Depot  
  149  9:15  Supply Depot  
  149  9:18  Hellbat x2  
  153  9:41  Supply Depot, Hellbat  
  155  9:59  Factory Tech Lab  
  155  10:01  Supply Depot, Factory Reactor  
  155  10:02  Factory Tech Lab  
  155  10:03  Thor, Hellbat  
  163  10:18  Neosteel Armor  
  163  10:20  Hellbat  
  163  10:22  Thor  
  163  10:24  Thor  
  163  10:26  Thor  
  147  10:45  Thor  
  147  10:49  Hellbat x4  
  97  11:05  Thor  
  97  11:07  Thor  
  97  11:09  Thor  
  97  11:10  Hellbat  
  97  11:11  Hellbat x3  
  104  11:28  Thor  
  104  11:32  Hellbat  
  112  11:48  Thor  
  112  11:49  Hellion, Thor  
  112  11:50  Hellion x2  
  112  11:52  Hellion  
  112  11:53  Hellion  
  134  11:55  Command Center  
  118  12:11  Hellion x2, Thor  
  118  12:12  Hellion  
  118  12:13  Thor  
  118  12:15  Hellion  
  138  12:27  Command Center  
  138  12:31  Command Center, Hellion  
  140  13:18  Hellion x3  
  158  13:28  Armory  
Tags
 
Composition
Mech
Matchup
TvT
Race
Terran
Replay Pack
10.7.19
Spawn Locations
Cross Positions
Add a new tag
Caveats
  • Supply blocks, unpowered buildings, or Contaminate may cause inaccurate times.
  • Supply counts are checked every 10 seconds.